 Dungeon Crawl Stone Soup version 0.29-a0-362-g5854e031c7 (webtiles) character file.

Game seed: 3495754358575930000

9 Randoe the Chopper (level 2, 15/27 HPs)
             Began as a Minotaur Berserker on Apr 29, 2022.
             Was a Follower of Trog.
             Quit the game on level 1 of the Dungeon.
             The game lasted 00:03:05 (1131 turns).

Randoe the Chopper (Minotaur Berserker)             Turns: 1131, Time: 00:03:05

Health: 15/27      AC:  2    Str: 21    XL:     2   Next: 3%
Magic:  1/1        EV: 12    Int:  4    God:    Trog [*.....]
Gold:   17         SH:  0    Dex:  9    Spells: 1/1 levels left

rFire   . . .      SeeInvis .   a - +0 hand axe
rCold   . . .      Faith    .   (no shield)
rNeg    . . .      Spirit   .   b - +0 animal skin
rPois   .          Reflect  .   (helmet restricted)
rElec   .          Harm     .   (no cloak)
rCorr   .          Rampage  .   (no gloves)
Will    .....                   (no boots)
Stlth   +.........              (no amulet)
HPRegen 0.09/turn               (no ring)
MPRegen 0.07/turn               (no ring)

@: about to teleport
A: horns 2, retaliatory headbutt
a: Renounce Religion, Berserk


You were on level 1 of the Dungeon.
You worshipped Trog.
Trog was aware of your devotion.
You visited 1 branch of the dungeon, and saw 1 of its levels.

You collected 17 gold pieces.

Inventory:

Hand Weapons
 a - a +0 hand axe (weapon)
Missiles
 c - 57 stones (quivered)
Armour
 b - a +0 animal skin (worn)
Potions
 d - a potion of curing {unknown}
 g - a potion of resistance {unknown}


   Skills:
 + Level 3.8 Fighting
 + Level 4.0 Axes
 + Level 2.4 Armour
 + Level 2.3 Dodging


You had one spell level left.
You didn't know any spells.
Your spell library was empty.

Dungeon Overview and Level Annotations

Branches:
Dungeon (1/15)

Altars:


Innate Abilities, Weirdness & Mutations

You have a pair of horns on your head.
You reflexively headbutt those who attack you in melee.


Message History

There is an open door here.
e - a scroll labelled QITOCEFREG
There is an open door here.
You now have 13 gold pieces (gained 9).
A rat comes into view.
You barely miss the rat. Your headbutt misses the rat. The rat bites you.
The rat barely misses you.
You barely miss the rat. The rat bites you but does no damage.
You hit the rat.
You kill the rat!
Trog accepts your kill.
You now have 17 gold pieces (gained 4).
f - a scroll labelled HOUMYU KATOKK
Found a stone staircase leading down.
A giant cockroach comes into view.
You hit the giant cockroach but do no damage.
The giant cockroach closely misses you.
You closely miss the giant cockroach. The giant cockroach closely misses you.
The giant cockroach bites you.
You hit the giant cockroach.
The giant cockroach is almost dead.
The giant cockroach misses you.
You slash the giant cockroach!
You kill the giant cockroach!
Trog accepts your kill.
You have reached level 2!
You see here a giant cockroach corpse.
g - a sapphire potion You see here a giant cockroach corpse.
You open the door.
There is an open door here.
You see here a +0 dagger.
There is an open door here.
There is an open door here.
Done exploring.
As you read the scroll labelled HOUMYU KATOKK, it crumbles to dust.
Your body is wracked with pain!
It was a scroll of torment.
As you read the scroll labelled QITOCEFREG, it crumbles to dust.
You feel strangely unstable.
It was a scroll of teleportation.
Are you sure you want to abandon this character and quit the game? (Confirm with "yes".)

.#.#....########.#....# #.######
.#.#....'........#....# #.##....
.#.#....##########....# #.##..).
.#.#....# #.#'## #.##....
.#.#....# #.#.# #.##....
.#.###'###########.#.# #.##....
.#.# #.............#.# #.##....
.#.# #..############.# #.##....
.#.###..#.......@.##.# #.##....
.#...#..#########.##.# #.##....
.#.#.#..#............# #.##....
.#.#.#..#.######.#########.##....
.#.#.#......................#....
.#.#..#.#.######.############.###
.#.##.#.#.# #.# #.# .#....#.#.#
#.# #.# .######.#.# #.# #.#


There were no monsters in sight!

Vanquished Creatures
  2 endoplasms (D:1)
  2 giant cockroaches (D:1)
  A hobgoblin (D:1)
  A bat (D:1)
  A frilled lizard (D:1)
  A rat (D:1)
8 creatures vanquished.

Notes
Turn   | Place    | Note
-------+----------+-------------------------------------------
     0 | D:1      | Randoe the Minotaur Berserker began the quest for the Orb.
     0 | D:1      | Reached XP level 1. HP: 19/19 MP: 0/0
   237 | D:1      | Reached skill level 4 in Axes
   452 | D:1      | Found a faded altar of an unknown god.
   885 | D:1      | Reached XP level 2. HP: 25/27 MP: 1/1
  1131 | D:1      | Quit the game

Illustrated notes

Levels and vault maps discovered:
D:1:      matt_arrival_grand_opening, layout_basic,
          shapermc_ecumenical_altar_mp_highgroup

Skill      XL: |  1 |
---------------+----+-----
Axes           | 4 |  4.0
Fighting       | |  3.8
Armour         | |  2.4
Dodging        | |  2.3

Action                   || total
-------------------------++-------
Melee: Hand axe          ||    22
       Headbutt          ||     1
  Use: Scroll            ||     2
Armor: Animal skin       ||     5
Dodge: Dodged            ||    22

Table legend: (Time is in decaauts)
 A = Elapsed time spent in this place.
 B = Non-inter-level travel time spent in this place.
 C = Inter-level travel time spent in this place.
 D = Time resting spent in this place.
 E = Time spent auto-exploring this place.
 F = Levels seen in this place.
 G = Mean time per level.
                   A        B        C        D        E       F      G
               +--------+--------+--------+--------+--------+-----+--------+
         Total |   1133 |   1131 |      2 |      4 |   1042 |   1 | 1133.0 |
       Dungeon |   1133 |   1131 |      2 |      4 |   1042 |   1 | 1133.0 |
               +--------+--------+--------+--------+--------+-----+--------+

Top non-repeatable levels by time:
     D:1: 1133 daAuts
